 Dungeon Crawl Stone Soup version 0.18.1-8-gdd0e5ea (webtiles) character file.

121496 sveltemanboy the Executioner (level 16, 0/132 HPs)
             Began as a Hill Orc Fighter on May 30, 2016.
             Was the Champion of Okawaru.
             Slain by a salamander
             ... wielding a +0 halberd
              (3 damage)
             ... on level 3 of the Snake Pit on May 31, 2016.
             The game lasted 01:37:52 (29395 turns).

sveltemanboy the Executioner (Hill Orc Fighter)    Turns: 29395, Time: 01:37:52

Health: 0/132      AC: 28    Str: 28    XL:     16   Next: 85%
Magic:  35/35      EV:  9    Int: 10    God:    Okawaru [******]
Gold:   1280       SH:  0    Dex: 12    Spells: 0 memorised, 15 levels left

rFire  + + +     SeeInvis +     a - +11 battleaxe "Voruxaux" {chop, rC+ Dex+4}
rCold  + . .     Gourm    .     n - +2 chain mail {rF+}
rNeg   + + +     Faith    .     (shield currently unavailable)
rPois  +         Spirit   .     d - +2 helmet
rElec  .         Dismiss  .     y - +0 cloak of the Quahog {rN++ MP+9} (curse)
rCorr  .         Reflect  .     D - +2 pair of gloves
SustAt .         Harm     .     i - +2 pair of boots {Fly}
MR     ++++.     Clarity  +     q - amulet of the Four Winds {rN+ MR+++ Clar}
Stlth  ..........               p - ring "Cubagreo" {rF+ SInv}
                                F - ring of poison resistance

@: lethally poisoned (0 -> -1), flying, very slightly contaminated, hasted,
constricted, very quick, incredibly resistant to hostile enchantments, extremely
unstealthy
A: yellow scales 1, clever 1, clumsy 1, fire resistance 1, sense surroundings 1,
strong 1
a: Heroism, Finesse, Renounce Religion, Stop Flying


You were on level 3 of the Snake Pit.
You worshipped Okawaru.
Okawaru was exalted by your worship.
You were very full.

You visited 4 branches of the dungeon, and saw 25 of its levels.
You also visited: Bailey, Ice Cave and Volcano.

You collected 2665 gold pieces.
You spent 1385 gold pieces at shops.

Inventory:

Hand Weapons
 a - the +11 battleaxe "Voruxaux" (weapon) {chop, rC+ Dex+4}
   (Okawaru gifted it to you on level 1 of the Lair of Beasts)

   It inflicts extra damage upon your enemies.
   It affects your dexterity (+4).
   It protects you from cold.
 b - a +3 executioner's axe of chopping
 Q - a +0 battleaxe of flaming
Missiles
 G - 8 javelins of penetration (quivered)
 L - 6 throwing nets
Armour
 d - a +2 helmet (worn)
 i - a +2 pair of boots of flying (worn)
 n - a +2 chain mail of fire resistance (worn)
 y - the cursed +0 cloak of the Quahog (worn) {rN++ MP+9}
   (You found it on level 8 of the Lair of Beasts)

   It greatly protects you from negative energy.
   It affects your magic capacity (+9).
   It has a curse placed upon it.
 D - a +2 pair of gloves (worn)
Rods
 z - a +0 rod of clouds (12/12)
   (You found it on level 12 of the Dungeon)
Jewellery
 p - the ring "Cubagreo" (right hand) {rF+ SInv}
   (You bought it in a shop on level 2 of the Orcish Mines)

   [ring of see invisible]

   It protects you from fire.
   It lets you see invisible.
 q - the amulet of the Four Winds (around neck) {rN+ MR+++ Clar}
   (You bought it in a shop on level 2 of the Snake Pit)

   [amulet of nothing]

   It protects you from negative energy.
   It affects your resistance to hostile enchantments.
   It protects you against confusion.
 x - an uncursed ring of protection from cold
 F - a ring of poison resistance (left hand)
 K - an uncursed ring of fire
Wands
 s - a wand of acid (8/15)
 A - a wand of iceblast (15/15)
 B - a wand of acid (6/15)
 C - a wand of iceblast (4/15)
 P - a wand of iceblast (4/15)
 S - a wand of slowing (25/48)
Scrolls
 c - 6 scrolls of remove curse
 e - 2 scrolls of fog
 g - 3 scrolls of amnesia
 j - 15 scrolls of identify
 k - 4 scrolls of blinking
 t - 6 scrolls of magic mapping
 J - a scroll of silence
 R - 3 scrolls of teleportation
Potions
 h - 6 potions of curing
 l - 4 potions of haste
 u - 5 potions of magic
 w - 4 potions of might
 E - 2 potions of agility
 I - a potion of cure mutation
Miscellaneous
 m - a box of beasts {used: 3}
 O - 2 phantom mirrors
Comestibles
 f - 10 bread rations
 o - a chunk of flesh
 r - 2 slices of pizza
 v - 2 meat rations


   Skills:
 - Level 9.0 Fighting
 * Level 23.7 Axes
 + Level 11.4 Armour
 + Level 8.0 Dodging
   Level 3.2 Shields
   Level 2.1 Necromancy
 - Level 8.0 Invocations
 * Level 13.8 Evocations


You had 15 spell levels left.
You didn't know any spells.

Dungeon Overview and Level Annotations

Branches:
Dungeon (12/15)            Temple (0/1) D:6            Lair (8/8) D:9
 Shoals (0/4) Lair:6        Snake (3/4) Lair:6        Slime (0/6) Lair:8
    Orc (2/2) D:12            Elf (0/3) Orc:2

Altars:
Ashenzari
Cheibriados
Dithmenos
Elyvilon
Gozag
Kikubaaqudgha
Okawaru
Pakellas
Ru
Sif Muna
Xom
Zin
The Shining One
Beogh

Shops:
D:9 *   D:11 *   Orc:2 (!=!   Snake:2 =

Annotations:
D:6 exclusion: oklob plant
D:10 1 runed door


Innate Abilities, Weirdness & Mutations

You are partially covered in yellow scales (AC +2).
Your mind is acute. (Int +2)
You are clumsy. (Dex -2)
Your flesh is heat resistant.
You passively map a small area around you.
Your muscles are strong. (Str +2)


Message History

The anaconda is severely wounded.
You slash the guardian serpent!
The guardian serpent is moderately wounded.
You barely miss the naga ritualist.
The naga ritualist is heavily wounded.
You slash the salamander!
The salamander is lightly wounded.
You hit the salamander.
The salamander is lightly wounded.
You slash the naga ritualist!
The naga ritualist is moderately wounded.
You slice the naga sharpshooter!!
The naga sharpshooter is heavily wounded.
* * * LOW HITPOINT WARNING * * *
You are poisoned.
The guardian serpent barely misses you.
The naga ritualist hits you with a scimitar of venom.
* * * LOW HITPOINT WARNING * * *
The naga ritualist constricts you. The salamander hits you with a halberd.
You die...

...... , ..... *
, ......# .......
,
.......##.......
,
................
* ,,,..........
..... *
,......... ......
* ,
........##......
,......NN#N......
......N@N.#,,
......NSS## , ,
,, * ,,
......HN.# , ,
....S.....,* * ,
#........## *
###.##..##* , #.
#..#* , * , , N
#..#, ,* ,


You could see 2 naga warriors, a naga sharpshooter, 2 salamanders, 2 anacondas,
2 naga ritualists, a guardian serpent, a naga and a friendly mature batfire
beast.

Vanquished Creatures
  An acid blob (Lair:8)
  Agnes (Snake:1)
  A greater naga (Snake:2)
  A frost giant (IceCv)
  Maud (Lair:7)
  The ghost of Lovchig the Cleaver, a journeyman MiFi of Pakellas (Lair:4)
  The ghost of Lovchig the Blocker, a journeyman MiFi of Fedhas (D:10)
  Harold (D:11)
  Josephine (D:10)
  Fannar (Lair:1)
  6 naga warriors
  8 hydras
  A catoblepas (Lair:3)
  A centaur warrior (Volcano)
  A queen ant (Lair:6)
  An anaconda (Snake:2)
  9 death yaks
  3 naga sharpshooters
  A shock serpent (Snake:2)
  3 orc high priests (Orc:2)
  A deep elf knight (Orc:2)
  2 naga ritualists (Snake:2)
  Pikel (D:6)
  2 mana vipers (Snake:2)
  5 hill giants
  A necromancer (Lair:4)
  8 orc knights
  3 ugly things
  3 orc sorcerers (Orc:2)
  4 cyclopes (D:11)
  A deep elf mage (D:10)
  5 salamanders
  4 griffons
  2 guardian serpents
  Maurice (D:9)
  Joseph (D:7)
  23 black mambas
  An ice statue (IceCv)
  24 spiny frogs
  5 gargoyles
  6 naga magi
  Psyche (D:9)
  14 elephants
  A torpor snail (Lair:5)
  A freezing wraith (D:11)
  A yaktaur (Volcano)
  2 rime drakes (Lair:8)
  7 komodo dragons
  2 kobold demonologists (Bailey)
  6 giant leeches (Lair:8)
  4 trolls
  17 polar bears
  A queen bee (Lair:3)
  4 two-headed ogres
  25 blink frogs
  A boulder beetle (Lair:6)
  2 hungry ghosts
  A shadow (D:11)
  A wyvern (Lair:8)
  5 wraiths
  46 yaks
  6 vampire mosquitoes (Lair:8)
  Menkaure (D:4)
  9 hippogriffs
  A mottled dragon (D:11)
  2 wargs (Orc:2)
  20 soldier ants (Lair:6)
  18 nagas
  16 water moccasins
  10 porcupines
  2 black bears
  3 slaves (D:6)
  2 phantoms
  23 orc warriors
  An eye of draining (D:11)
  12 ice beasts
  A wasp (D:11)
  3 sky beasts
  A necrophage (D:11)
  7 centaurs
  9 ogres
  17 wolves
  13 crocodiles
  2 big kobolds (D:11)
  30 giant frogs
  A komodo dragon zombie (Lair:4)
  7 scorpions
  28 killer bees
  4 wights (D:10)
  The ghost of ThereIsNoGod the Digger, a weakling DrEE (D:3)
  2 howler monkeys
  11 electric eels
  5 crimson imps
  A wasp zombie (D:9)
  3 centaur zombies
  7 jellies
  8 hounds
  A centaur skeleton (D:11)
  12 orc priests
  15 orc wizards
  2 giant frog skeletons
  7 iguanas
  5 hell rats (Lair:7)
  31 worker ants
  23 sheep
  A crocodile zombie (Lair:4)
  A hound zombie (D:7)
  3 hound skeletons
  Robin (D:2)
  A howler monkey zombie (D:11)
  9 gnolls
  A howler monkey skeleton (D:4)
  16 adders
  51 river rats
  7 shadow imps
  15 oozes
  An adder zombie (D:4)
  5 worms
  7 giant geckos
  67 orcs
  2 ball pythons
  8 giant cockroaches
  20 hobgoblins
  18 jackals
  18 kobolds
  6 quokkas
  17 bats
  A giant gecko zombie (D:6)
  A giant newt (D:6)
  21 goblins
  A jackal zombie (D:6)
  A quokka skeleton (D:3)
  9 rats
  6 fungi
  8 plants
995 creatures vanquished.

Vanquished Creatures (others)
  A yak (IceCv)
  A wolf (IceCv)
  An orc wizard (Orc:2)
  25 fungi
  13 plants (Lair:8)
41 creatures vanquished.

Grand Total: 1036 creatures vanquished

Notes
Turn   | Place    | Note
--------------------------------------------------------------
     0 | D:1      | sveltemanboy the Hill Orc Fighter began the quest for the Orb.
     0 | D:1      | Reached XP level 1. HP: 19/19 MP: 1/1
    68 | D:1      | Reached skill level 3 in Axes
   100 | D:1      | Reached XP level 2. HP: 25/26 MP: 2/2
   188 | D:1      | Reached skill level 4 in Axes
   189 | D:1      | Reached XP level 3. HP: 20/31 MP: 3/3
   349 | D:1      | Reached skill level 1 in Dodging
   860 | D:2      | Noticed Robin
   869 | D:2      | Killed Robin
   869 | D:2      | Reached XP level 4. HP: 32/39 MP: 4/4
   869 | D:2      | Reached skill level 5 in Axes
  1277 | D:2      | Reached skill level 6 in Axes
  1278 | D:2      | Gained mutation: Your body sometimes deteriorates upon taking damage. [potion of mutation]
  1278 | D:2      | Gained mutation: You are partially covered in yellow scales (AC +2). [potion of mutation]
  1278 | D:2      | Gained mutation: You evolve. [potion of mutation]
  1658 | D:3      | Reached XP level 5. HP: 39/45 MP: 5/5
  1773 | D:3      | Found a shimmering altar of Xom.
  1883 | D:3      | Gained mutation: You are clumsy. (Dex -2) [evolution]
  2183 | D:3      | Noticed ThereIsNoGod's ghost (weakling DrEE)
  2201 | D:3      | Killed ThereIsNoGod's ghost
  2201 | D:3      | Reached skill level 7 in Axes
  2410 | D:4      | Gained mutation: Your mind is acute. (Int +2) [evolution]
  2419 | D:4      | Reached XP level 6. HP: 32/51 MP: 6/6
  2781 | D:4      | Noticed Menkaure
  2791 | D:4      | Killed Menkaure
  2791 | D:4      | Reached skill level 8 in Axes
  2858 | D:4      | Noticed a phantom
  2883 | D:4      | Killed a phantom
  2883 | D:4      | Reached skill level 9 in Axes
  2883 | D:4      | Reached XP level 7. HP: 53/57 MP: 7/7
  2909 | D:4      | Found a shadowy altar of Dithmenos.
  3194 | D:4      | Found a glowing golden altar of the Shining One.
  3449 | D:5      | Entered Level 5 of the Dungeon
  3473 | D:5      | Reached skill level 10 in Axes
  3745 | D:5      | Found a snail-covered altar of Cheibriados.
  3745 | D:5      | Found an opulent altar of Gozag.
  3747 | D:5      | Found a white marble altar of Elyvilon.
  3752 | D:5      | Found a sacrificial altar of Ru.
  3753 | D:5      | Found an oddly glowing altar of Pakellas.
  3754 | D:5      | Found an iron altar of Okawaru.
  3778 | D:5      | Became a worshipper of Warmaster Okawaru
  4208 | D:6      | Reached skill level 1 in Invocations
  4256 | D:6      | Found a staircase to the Ecumenical Temple.
  4317 | D:6      | Found a glowing silver altar of Zin.
  4318 | D:6      | Noticed an angel
  4419 | D:6      | Noticed Pikel
  4541 | D:6      | Killed Pikel
  4541 | D:6      | Reached * piety under Okawaru
  4541 | D:6      | Reached skill level 11 in Axes
  4541 | D:6      | Reached XP level 8. HP: 48/64 MP: 8/10
  4632 | D:6      | Found a snail-covered altar of Cheibriados.
  4699 | D:6      | Noticed an oklob plant
  5059 | D:6      | Reached skill level 12 in Axes
  5060 | D:6      | Found an iron altar of Okawaru.
  5226 | D:6      | Reached XP level 9. HP: 70/70 MP: 12/12
  5401 | D:6      | Reached ** piety under Okawaru
  5469 | D:6      | Gained mutation: You rapidly evolve. [evolution]
  5469 | D:6      | Lost mutation: You rapidly evolve. [end of evolution]
  5728 | D:7      | Found an ancient bone altar of Kikubaaqudgha.
  5866 | D:7      | Noticed Joseph
  5893 | D:7      | Killed Joseph
  6083 | D:7      | Reached skill level 5 in Armour
  6112 | D:7      | Reached skill level 13 in Axes
  6233 | D:7      | Reached *** piety under Okawaru
  6292 | D:8      | Reached skill level 1 in Evocations
  6778 | D:8      | Found a shattered altar of Ashenzari.
  7243 | D:9      | Found a flagged portal.
  7264 | Bailey   | Entered a bailey
  7404 | Bailey   | Noticed an orc knight
  7424 | Bailey   | Killed an orc knight
  7424 | Bailey   | Reached skill level 14 in Axes
  7424 | Bailey   | Reached XP level 10. HP: 45/77 MP: 11/13
  7439 | Bailey   | Found an iron altar of Okawaru.
  7439 | Bailey   | Noticed a kobold demonologist
  7439 | Bailey   | Noticed a kobold demonologist
  7440 | Bailey   | Noticed an orange demon
  7462 | Bailey   | Killed a kobold demonologist
  7480 | Bailey   | Killed a kobold demonologist
  7480 | Bailey   | Reached **** piety under Okawaru
  7672 | Bailey   | Lost mutation: Your body sometimes deteriorates upon taking damage. [evolution]
  7954 | Bailey   | Noticed an orc knight
  7977 | Bailey   | Killed an orc knight
  8083 | Bailey   | Noticed an orc knight
  8106 | Bailey   | Killed an orc knight
  8106 | Bailey   | Reached skill level 15 in Axes
  8488 | Bailey   | Gained mutation: You passively map a small area around you. [potion of mutation]
  8710 | Bailey   | Gained mutation: You are weak. (Str -2) [evolution]
  9105 | D:9      | Noticed Maurice
  9118 | D:9      | Killed Maurice
  9118 | D:9      | Reached skill level 5 in Invocations
  9142 | D:9      | Found Boufrufu's General Store.
  9217 | D:9      | Reached ***** piety under Okawaru
  9382 | D:9      | Reached skill level 5 in Evocations
  9671 | D:9      | Reached XP level 11. HP: 82/82 MP: 15/15
  9847 | D:9      | Found a deep blue altar of Sif Muna.
  9893 | D:9      | Noticed Psyche
  9903 | D:9      | Killed Psyche
  9953 | D:9      | Found a staircase to the Lair.
  9964 | D:9      | Reached skill level 16 in Axes
 10076 | D:10     | Entered Level 10 of the Dungeon
 10145 | D:10     | Noticed a hill giant
 10145 | D:10     | Noticed Lovchig's ghost (journeyman MiFi)
 10188 | D:10     | Killed Lovchig's ghost
 10200 | D:10     | Killed a hill giant
 10280 | D:10     | Noticed Josephine
 10295 | D:10     | Killed Josephine
 10304 | D:10     | Received a gift from Okawaru
 10320 | D:10     | Gained mutation: Your flesh is heat resistant. [evolution]
 10365 | D:10     | Got a shimmering executioner's axe {god gift}
 10564 | D:10     | Identified the +5 executioner's axe of the Middle {pain, Fragile +Fly rElec MR-} (Okawaru gifted it to you on level 10 of the Dungeon)
 10579 | D:10     | Noticed a hill giant
 10581 | D:10     | Noticed a deep elf mage
 10591 | D:10     | Killed a hill giant
 10591 | D:10     | Reached skill level 17 in Axes
 10593 | D:10     | Killed a deep elf mage
 10781 | D:10     | Found a glowing silver altar of Zin.
 10781 | D:10     | Found a runed door.
 10781 | D:10     | Noticed an angel
 10957 | D:10     | Noticed a hill giant
 10961 | D:10     | Killed a hill giant
 11502 | D:11     | Found Ischidio's Assorted Antiques.
 11507 | D:11     | Noticed a hill giant
 11508 | D:11     | Noticed a cyclops
 11517 | D:11     | Killed a hill giant
 11517 | D:11     | Reached XP level 12. HP: 48/91 MP: 18/18
 11528 | D:11     | Bought a scroll labeled NISEXOXIDU for 27 gold pieces
 11528 | D:11     | Bought a coppery potion for 24 gold pieces
 11528 | D:11     | Bought a box of beasts for 540 gold pieces
 11762 | D:11     | Lost mutation: You are weak. (Str -2) [potion of mutation]
 11762 | D:11     | Gained mutation: Your muscles are strong. (Str +2) [potion of mutation]
 11762 | D:11     | Lost mutation: You evolve. [potion of mutation]
 11987 | D:11     | Noticed a four-headed hydra
 12274 | D:11     | Noticed Harold
 12280 | D:11     | Killed Harold
 12280 | D:11     | Reached ****** piety under Okawaru
 12299 | D:11     | Reached skill level 5 in Fighting
 12309 | D:11     | Reached skill level 18 in Axes
 12826 | D:11     | Received a gift from Okawaru
 13292 | D:11     | Noticed a four-headed hydra
 13299 | D:11     | Killed a four-headed hydra
 13817 | D:9      | Reached skill level 19 in Axes
 13829 | Lair:1   | Entered Level 1 of the Lair of Beasts
 14044 | Lair:1   | Found a frozen archway.
 14045 | Lair:1   | Noticed Fannar
 14062 | Lair:1   | Killed Fannar
 14062 | Lair:1   | Received a gift from Okawaru
 14062 | Lair:1   | Reached XP level 13. HP: 91/105 MP: 17/19
 14073 | Lair:1   | Got a pitted battleaxe {god gift}
 14074 | Lair:1   | Identified the +11 battleaxe "Voruxaux" {chop, rC+ Dex+4} (Okawaru gifted it to you on level 1 of the Lair of Beasts)
 14169 | IceCv    | Entered an ice cave
 14521 | IceCv    | Received a gift from Okawaru
 14766 | IceCv    | Reached skill level 20 in Axes
 14927 | IceCv    | Noticed a frost giant
 14955 | IceCv    | Killed a frost giant
 14961 | IceCv    | Received a gift from Okawaru
 14961 | IceCv    | Reached skill level 10 in Evocations
 15019 | IceCv    | Learned a level 6 spell: Simulacrum
 15886 | Lair:2   | Reached skill level 1 in Necromancy
 16893 | Lair:3   | Reached XP level 14. HP: 90/118 MP: 21/21
 16916 | Lair:3   | Received a gift from Okawaru
 17564 | Lair:4   | Noticed Lovchig's ghost (journeyman MiFi)
 17576 | Lair:4   | Killed Lovchig's ghost
 17876 | Lair:4   | Reached skill level 5 in Dodging
 17942 | Lair:4   | Reached skill level 21 in Axes
 18491 | Lair:5   | Found a dark tunnel.
 18502 | Volcano  | Entered a volcano
 18780 | Volcano  | Found a bloodstained altar of Trog.
 19640 | Lair:6   | Received a gift from Okawaru
 19922 | Lair:6   | Found a staircase to the Shoals.
 20396 | Lair:6   | Found a staircase to the Snake Pit.
 20871 | Lair:7   | Reached XP level 15. HP: 121/124 MP: 23/23
 20890 | Lair:7   | Noticed Maud
 20902 | Lair:7   | Killed Maud
 20902 | Lair:7   | Reached skill level 22 in Axes
 21110 | Lair:7   | Received a gift from Okawaru
 21639 | Lair:8   | Entered Level 8 of the Lair of Beasts
 21648 | Lair:8   | Received a gift from Okawaru
 21768 | Lair:8   | Received a gift from Okawaru
 22237 | Lair:8   | Reached skill level 10 in Armour
 22283 | Lair:8   | Noticed an acid blob
 22290 | Lair:8   | Killed an acid blob
 23363 | Lair:8   | Got a crude cloak
 23374 | Lair:8   | Identified the cursed +0 cloak of the Quahog {rN++ MP+9} (You found it on level 8 of the Lair of Beasts)
 23500 | Lair:8   | Found a staircase to the Slime Pits.
 23510 | Lair:8   | Received a gift from Okawaru
 24927 | D:12     | Found a staircase to the Orcish Mines.
 25249 | Orc:1    | Entered Level 1 of the Orcish Mines
 25360 | Orc:1    | Reached skill level 23 in Axes
 25438 | Orc:1    | Reached XP level 16. HP: 109/132 MP: 25/25
 25481 | Orc:1    | Found a roughly hewn altar of Beogh.
 25710 | Orc:2    | Entered Level 2 of the Orcish Mines
 25710 | Orc:2    | Found a staircase to the Elven Halls.
 26246 | Orc:2    | Received a gift from Okawaru
 26273 | Orc:2    | Found Femm's Distillery.
 26273 | Orc:2    | Found Qeimua's Jewellery Shop.
 26276 | Orc:2    | Found Gaestaod's Distillery.
 26276 | Orc:2    | Found Wammun's Antique Weapon Shop.
 26583 | Orc:2    | Bought the ring "Cubagreo" {rF+ SInv} for 406 gold pieces
 26609 | Orc:2    | Found a roughly hewn altar of Beogh.
 26936 | Snake:1  | Entered Level 1 of the Snake Pit
 27186 | Snake:1  | Noticed Agnes
 27193 | Snake:1  | Killed Agnes
 28234 | Snake:2  | Identified a +0 rod of clouds (12/12) (You found it on level 12 of the Dungeon)
 28305 | Snake:2  | Noticed a greater naga
 28321 | Snake:2  | Killed a greater naga
 28876 | Snake:2  | Found Laryt's Jewellery Shoppe.
 28912 | Snake:2  | Received a gift from Okawaru
 29167 | Snake:2  | Bought the amulet of the Four Winds {rN+ MR+++ Clar} for 388 gold pieces
 29395 | Snake:3  | HP: 3/132 [naga ritualist/scimitar of venom (4)]
 29395 | Snake:3  | Slain by a salamander

Skill      XL: |  1  2  3  4  5  6  7  8  9 10 11 12 13 14 15 16 |
---------------+-------------------------------------------------+-----
Axes           | 3 4 6 7 9 11 12 14 15 17 19 20 21 23 | 23.7
Dodging        | 1 2 3 4 6 7 8 |  8.0
Invocations    | 3 4 5 8 |  8.0
Armour         | 4 6 7 9 10 11 | 11.4
Evocations     | 2 5 7 8 10 11 12 13 | 13.8
Fighting       | 4 7 9 |  9.0
Necromancy     | 2 |  2.1
Shields        | |  3.2

Action                   |  1- 3 |  4- 6 |  7- 9 | 10-12 | 13-15 | 16-18 || total
-------------------------+-------+-------+-------+-------+-------+-------++-------
Melee: War axe           |   116 |   181 |   462 |    31 |       |       ||   790
       Battleaxe         |       |       |       |   370 |  1045 |   286 ||  1701
       Broad axe         |       |       |       |    61 |       |       ||    61
       Punch             |       |       |       |     1 |       |       ||     1
       Executioner's axe |       |       |       |   272 |     8 |       ||   280
Throw: Javelin           |       |       |       |       |     3 |     2 ||     5
Invok: Heroism           |       |       |     2 |     9 |     5 |     4 ||    20
       Finesse           |       |       |       |     2 |     3 |     3 ||     8
Evoke: Wand              |       |       |    11 |     3 |     6 |       ||    20
       Box of beasts     |       |       |       |     2 |       |     1 ||     3
       Rod               |       |       |       |       |       |     2 ||     2
  Use: Potion            |     1 |     6 |       |    10 |     6 |     6 ||    29
       Scroll            |       |       |    13 |    14 |     7 |     4 ||    38
 Stab: Petrified         |       |       |       |       |     1 |       ||     1
  Eat: Chunk             |       |     9 |    23 |    25 |    47 |    13 ||   117
Armor: Scale mail        |    77 |    52 |       |       |       |       ||   129
       Skin              |       |    13 |       |       |       |       ||    13
       Chain mail        |       |    22 |   264 |   502 |   451 |   140 ||  1379
Dodge: Dodged            |    91 |    88 |   166 |   356 |   428 |   133 ||  1262
